[Event "*** Titled Tuesday Blitz"]
[Site "Chess.com"]
[Date "2020.12.01"]
[Round "3"]
[White "Grammnik"]
[Black "Klavdia_Nik"]
[Result "1-0"]
[WhiteElo "2308"]
[BlackElo "2061"]
[TimeControl "180+1"]
[EndTime "10:28:38 PST"]
[Termination "Grammnik won on time"]

1. d4 Nf6 2. Nf3 c5 3. c4 b6 4. Nc3 Bb7 5. d5 d6 6. e4 g6 7. Bg5 Bg7 8. Qd2 h6 9. Bf4 Nbd7 10. h3 a6 11. Be2 b5 12. cxb5 axb5 13. Bxb5 Ba6 14.
Bxa6 Rxa6 15. O-O Nh5 16. Bh2 Qa5 17. Rfe1 O-O 18. e5 dxe5 19. Nxe5 Nxe5 20. Bxe5 Nf6 21.
Bf4 Qb4 22. Rab1 g5 23. Be5 Rd8 24. g3 Rxd5 25. Qc2 Rd7 26. Rbd1 Raa7 27. Bxf6 Bxf6 28. a3 Qc4 29. Rxd7 Rxd7 30. Re4 Qd3 31. Qxd3 Rxd3 32. Rc4 Bd4 33. Ne4 Rd1+ 34. Kg2 Bxb2 35. a4 Bd4 36. Nxc5 Rd2 37. Ne4 Rd3 38. g4 Kg7 39. a5 e5 40. a6 Ra3 41. Nc5 Ra2 42. Kf3 Rxf2+ 43.
Ke4 Ra2 44. Ra4 1-0

[Event "*** Titled Tuesday Blitz"]
[Site "Chess.com"]
[Date "2020.12.01"]
[Round "3"]
[White "Gloomy_Wanderer"]
[Black "Hikaru"]
[Result "0-1"]
[WhiteElo "2701"]
[BlackElo "3197"]
[TimeControl "180+1"]
[EndTime "10:28:39 PST"]
[Termination "Hikaru won on time"]

1. Nf3 g6 2. d4 Bg7 3. c4 f5 4.
g3 Nf6 5. Bg2 O-O 6. O-O d6 7. b3 c6 8. Nc3 Qa5 9. Bb2 e5 10. dxe5 dxe5 11. e4 f4 12. Qd6 Nbd7 13. Rad1 Re8 14. Rfe1 Bf8 15. Qd2 Qc7 16. gxf4 Bh6 17.
Ne2 exf4 18. e5 Nh5 19. Nc3 Nf8 20. Ne4 Be6 21. Nd6 Re7 22. Nd4 Rd8 23. Qe2 a6 24. N4f5 gxf5 25. Qxh5 Bg7 26. Nxf5 Bxf5 27. Qxf5 Ng6 28.
Ba3 Rxe5 29. Rxd8+ Qxd8 30. Rxe5 Bxe5 31. Qg4 Kg7 32. Be4 Qd2 33. Kg2 Qd4 34. Bxg6 hxg6 35. h4 Qe4+ 36. Qf3 Qf5 37. Bc5 Kf6 38. Bb6 Ke6 39.
Bc5 Bf6 40. Bb6 Bxh4 41. Qe2+ Kf7 42. Qf3 Bf6 43. Qd1 g5 44. Qe2 g4 45. f3 g3 46. Qd1 Qe6 47. Qd2 Be5 48. Bd4 Qh6 0-1

[Event "*** Titled Tuesday Blitz"]
[Site "Chess.com"]
[Date "2020.12.01"]
[Round "3"]
[White "r31415"]
[Black "HarutyunianTigranK"]
[Result "1-0"]
[WhiteElo "2479"]
[BlackElo "2672"]
[TimeControl "180+1"]
[EndTime "10:28:39 PST"]
[Termination "r31415 won on time"]

1. e4 e5 2. Nf3 Nc6 3. Bc4 Bc5 4. c3 Nf6 5. d3 O-O 6. O-O d6 7. Bb3 h6 8. Nbd2 a6 9. Re1 Ng4 10. Re2 Kh8 11. h3 f5 12. exf5 Nf6 13. Nh4 Ne7 14. d4 exd4 15. Rxe7 Kh7 16. Ng6 Bxf5 17. Nxf8+ Qxf8 18. Rxc7 dxc3 19. bxc3 Re8 20. Bc2 Bxf2+ 21. Kxf2 Nd5 22.
Qf3 Bxc2 23. Rxb7 Nf6 24. Ba3 Ne4+ 25. Nxe4 Bxe4 26. Rf7 Qg8 27. Qf4 Bg6 28. Rf5 Qe6 29. Rf8 Qe2+ 30. Kg1 Re5 31. Rf1 Rg5 32. Qf3 Qc2 33.
Rf4 d5 34. Rg4 Rf5 35. Rf4 Re5 36. Rf2 Qb1+ 37. Rf1 Qxa2 38. Bf8 Be4 39. Qg3 Rg5 40. Rg4 Rxg4 41. Qxg4 Bg6 42. Qd4 1-0

[Event "*** Titled Tuesday Blitz"]
[Site "Chess.com"]
[Date "2020.12.01"]
[Round "3"]
[White "igorcadilhac"]
[Black "DarZay"]
[Result "0-1"]
[WhiteElo "2457"]
[BlackElo "2159"]
[TimeControl "180+1"]
[EndTime "10:28:39 PST"]
[Termination "DarZay won on time"]

1. e4 c5 2. Nf3 d6 3. d4 cxd4 4. Qxd4 Nc6 5. Bb5 e5 6. Qd3 Nf6 7. c4 Be7 8. Nc3 O-O 9. O-O Bg4 10. Ne1 Nd4 11. f3 Be6 12. Be3 a6 13. Ba4 Rc8 14.
Nd5 b5 15. Nxe7+ Qxe7 16. cxb5 Bc4 17. Qd2 axb5 18. Bd1 Bxf1 19. Kxf1 Qc7 20. Bxd4 exd4 21. Bb3 Qc5 22. Nd3 Qb6 23. Qg5 h6 24. Qg3 Rc7 25.
Ke2 Rfc8 26. Qe1 Nd7 27. Nf4 Qa6 28. Nd5 b4+ 29. Kf2 Ne5 30. Nxc7 Rxc7 31. Kg1 d3 32. Rd1 Qb6+ 33. Qf2 Qxf2+ 34. Kxf2 Rc2+ 35. Kf1 Rxb2 36. f4 Ng4 37. Rxd3 Nxh2+ 38. Kg1 Ng4 39. Rxd6 Nf2 0-1

[Event "*** Titled Tuesday Blitz"]
[Site "Chess.com"]
[Date "2020.12.01"]
[Round "3"]
[White "Astaneh"]
[Black "MartinMatthiesen"]
[Result "0-1"]
[WhiteElo "2597"]
[BlackElo "2400"]
[TimeControl "180+1"]
[EndTime "10:28:40 PST"]
[Termination "MartinMatthiesen won by resignation"]

1. d4 Nf6 2. Bf4 d5 3. e3 c5 4. Nf3 Nc6 5. c3 Qb6 6. Qc1 Bf5 7.
Nbd2 e6 8. Be2 Be7 9. h3 O-O 10. Nh4 Be4 11. Nxe4 dxe4 12. g4 h6 13. g5 Nd5 14. dxc5 Qxc5 15. Rg1 Nxf4 16. exf4 e5 17. Nf5 exf4 18. Qxf4 Bxg5 19. Rxg5 hxg5 20. Qxg5 Qe5 21.
O-O-O g6 22. Rg1 Rae8 23. Bc4 Re6 24. Bxe6 Qxe6 25. Nh6+ Kg7 26. Ng4 Rh8 27. Ne3 Qxh3 28. Nf5+ Kf8 29. Nd6 Qe6 30. Qc5 Qe7 31. Kc2 Rh5 32. Qa3 Ra5 33. Nc8 Rxa3 34. Nxe7 Rxa2 35. Nxc6 bxc6 36. Rg4 Ra4 37. b4 Ra2+ 38. Kb3 Rxf2 39. Rxe4 g5 40. Kc4 f5 41. Re6 g4 42. Rxc6 g3 43. Rg6 g2 44. b5 f4 45. Kd5 f3 46.
Ke4 Rf1 47. Rf6+ Ke7 0-1

[Event "*** Titled Tuesday Blitz"]
[Site "Chess.com"]
[Date "2020.12.01"]
[Round "3"]
[White "politeplayer"]
[Black "Shuvalov"]
[Result "0-1"]
[WhiteElo "2248"]
[BlackElo "2431"]
[TimeControl "180+1"]
[EndTime "10:28:40 PST"]
[Termination "Shuvalov won on time"]

1. e4 e6 2. d4 d5 3. exd5 exd5 4. Nf3 Nf6 5. Bd3 c5 6. O-O c4 7. Re1+ Be7 8. Be2 O-O 9. b3 cxb3 10. axb3 Nc6 11.
Bf4 Bf5 12. c3 Ne4 13. b4 a6 14. Ne5 Rc8 15. f3 Nxc3 16. Nxc3 Nxe5 17. Nxd5 Ng6 18.
Nxe7+ Qxe7 19. Bg3 Qxb4 20. h4 h5 21. Qa4 Qxa4 22.
Rxa4 Rfd8 23. f4 Rc3 24. Kh2 Ne7 25. Bxa6 Be6 26. Bxb7 Nf5 27. Bf3 g6 28. Bf2 Rc2 29. Kg1 Ne7 30. Ra8 Rxa8 31. Bxa8 Nd5 32. Bxd5 Bxd5 33.
Re5 Bc4 34. Re8+ Kg7 35. Rc8 Kf6 36. d5 Ke7 37. Bc5+ Kd7 38. Ra8 Bxd5 39. Ra7+ Ke6 40. Bf2 Kf5 41. Ra4 Rd2 42. Rd4 Rxd4 43. Bxd4 Kxf4 44.
Bf6 Kg3 45. Bg5 Bxg2 46. Bf6 Bd5 47. Be7 Bc4 48. Bf6 Kf3 49. Be7 Kf4 0-1

[Event "*** Titled Tuesday Blitz"]
[Site "Chess.com"]
[Date "2020.12.01"]
[Round "3"]
[White "2nd_life"]
[Black "GMJustin"]
[Result "1-0"]
[WhiteElo "2529"]
[BlackElo "2309"]
[TimeControl "180+1"]
[EndTime "10:28:41 PST"]
[Termination "2nd_life won on time"]

1. e4 c5 2. Nf3 d6 3. Bb5+ Bd7 4. c4 Nf6 5. Nc3 g6 6. O-O Bg7 7. Bxd7+ Qxd7 8. d4 cxd4 9. Nxd4 O-O 10. f3 Rc8 11. Qd3 Nc6 12. Nxc6 bxc6 13. Be3 Qb7 14. b3 Nd7 15. Rac1 Nc5 16. Qd2 a5 17. Rfd1 Qb4 18. Kf1 a4 19. Bxc5 dxc5 20. Nxa4 Qxd2 21. Rxd2 Bh6 22.
Rcd1 Bxd2 23. Rxd2 Rd8 24. Re2 Rd1+ 25. Kf2 Ra5 26. Ke3 Kf8 27. e5 Ke8 28. g4 g5 29.
Ke4 e6 30. Ke3 Ke7 31. Ke4 Rd4+ 32. Ke3 Rd1 33. Ke4 h6 34. Ke3 Ke8 35. f4 gxf4+ 36. Kxf4 Rf1+ 37. Kg3 Ke7 38. Kh4 Rg1 39. Kh5 Rh1 40.
Kxh6 1-0

[Event "*** Titled Tuesday Blitz"]
[Site "Chess.com"]
[Date "2020.12.01"]
[Round "3"]
[White "AradNazari"]
[Black "Nils_03"]
[Result "0-1"]
[WhiteElo "2428"]
[BlackElo "2268"]
[TimeControl "180+1"]
[EndTime "10:28:41 PST"]
[Termination "Nils_03 won by resignation"]

1. Nf3 d5 2. g3 Bg4 3. Bg2 c6 4. O-O Nf6 5. d3 Nbd7 6. Nbd2 e5 7.
c3 Bd6 8. Qc2 O-O 9. e4 a5 10.
a4 Re8 11. b3 Nf8 12. Bb2 Qd7 13. Rfe1 Rad8 14. exd5 cxd5 15. c4 d4 16. Ng5 Bb4 17.
Ba3 Bxa3 18. Rxa3 h6 19. Nge4 Nxe4 20. Nxe4 f5 21. Nd2 Ne6 22. Rxe5 Qd6 23. Rxe6 Qxa3 24.
Bd5 Qa1+ 25. Kg2 Rxe6 26. Bxe6+ Kh8 27. f3 Qc3 28. Qd1 Re8 29. Bd7 Re7 30. fxg4 Rxd7 31. Qe2 fxg4 32. Qe8+ Kh7 33. Qe4+ g6 34. Qe2 Rf7 35.
Ne4 Qc1 36. Nd6 Rg7 37. Qxg4 Qd2+ 38. Kh3 h5 39. Qe6 Qxd3 40. Ne4 Qf1+ 41. Kh4 Qf5 42.
Qxf5 gxf5 43. Nf6+ Kg6 44. Nxh5 Rh7 45. g4 fxg4 46.
Kg3 Rxh5 47. h3 Re5 48. hxg4 Re8 49. Kf4 d3 0-1

[Event "*** Titled Tuesday Blitz"]
[Site "Chess.com"]
[Date "2020.12.01"]
[Round "3"]
[White "esrosenberg"]
[Black "mapleaff"]
[Result "0-1"]
[WhiteElo "2207"]
[BlackElo "2392"]
[TimeControl "180+1"]
[EndTime "10:28:41 PST"]
[Termination "mapleaff won by checkmate"]

1. Nf3 Nf6 2. c4 g6 3. Nc3 Bg7 4. e4 d6 5. d4 O-O 6. h3 e5 7.
dxe5 dxe5 8. Qxd8 Rxd8 9. Bg5 Re8 10. Nd5 Nxd5 11. cxd5 c6 12. Bc4 b5 13. Bb3 a5 14. a4 b4 15. Rc1 Bb7 16. O-O Rc8 17. dxc6 Nxc6 18. Rfd1 Nd4 19. Nxd4 exd4 20. f3 Be5 21. f4 Bg7 22. e5 h6 23. Be7 g5 24.
g3 Rxc1 25. Rxc1 Rc8 26. Rxc8+ Bxc8 27. h4 gxh4 28. gxh4 Bf8 29. Bxf8 Kxf8 30. Kf2 Bf5 31. Ke2 Ke7 32. Kd2 f6 33. exf6+ Kxf6 34. Bc4 Be4 35. Bd3 Kf5 36. Bxe4+ Kxe4 37. b3 Kxf4 38.
Kd3 Ke5 39. h5 Kd5 40. Kd2 Ke4 41. Ke2 d3+ 42. Kd2 Kd4 43. Kd1 Kc3 44. Kc1 Kxb3 45. Kd2 Kc4 46. Kc1 Kc3 47. Kd1 d2 48. Ke2 Kc2 49. Ke3 d1=Q 50. Ke4 Qxh5 51. Kd4 Qd1+ 52. Kc4 b3 53. Kb5 Qd5+ 54. Ka6 b2 55. Ka7 b1=Q 56. Ka6 Qbb7# 0-1

[Event "*** Titled Tuesday Blitz"]
[Site "Chess.com"]
[Date "2020.12.01"]
[Round "3"]
[White "Iskusnyh"]
[Black "GukeshDommaraju"]
[Result "0-1"]
[WhiteElo "2625"]
[BlackElo "2891"]
[TimeControl "180+1"]
[EndTime "10:28:42 PST"]
[Termination "GukeshDommaraju won on time"]

1. d4 d5 2. c4 e6 3. Nf3 Nf6 4. g3 dxc4 5. Bg2 a6 6. O-O Nc6 7. Nbd2 Nxd4 8. Nxc4 Bc5 9. Nxd4 Bxd4 10. Bf4 O-O 11. Bxc7 Bxf2+ 12. Rxf2 Qxc7 13. Rc1 Rd8 14. Qb3 Rb8 15. Qb6 Qxb6 16. Nxb6 Bd7 17. Rc7 Bb5 18.
Bxb7 Rd1+ 19. Rf1 Rxf1+ 20. Kxf1 Ne8 21. Re7 Kf8 22. Nd7+ Kxe7 23. Nxb8 Nc7 24. Nc6+ Kd6 25. Nd4 Bd7 26. Ke1 e5 27. Nc2 f6 28. Kd2 Be6 29. b3 h5 30. Ne3 Kc5 31. Kc2 a5 32. a3 Nb5 33. Kb2 Nd4 34. Bf3 Nxf3 35. exf3 f5 36. Kc3 g5 37. b4+ axb4+ 38. axb4+ Kb5 39. h4 f4 40. Nf1 Bh3 41. gxf4 exf4 42. Nh2 gxh4 0-1

[Event "*** Titled Tuesday Blitz"]
[Site "Chess.com"]
[Date "2020.12.01"]
[Round "3"]
[White "IMJonathanCarlstedt"]
[Black "ARTHURMOTIVATOR"]
[Result "1-0"]
[WhiteElo "2499"]
[BlackElo "2244"]
[TimeControl "180+1"]
[EndTime "10:28:43 PST"]
[Termination "IMJonathanCarlstedt won on time"]

1. c4 e5 2. g3 Nc6 3. Bg2 g6 4. Nc3 Bg7 5. e3 d6 6. Nge2 h5 7. h4 Nh6 8. d3 O-O 9. e4 Bg4 10. Bg5 f6 11. Be3 Qd7 12. Qd2 Kh7 13. f3 Be6 14. O-O-O a6 15. f4 Ng4 16. Bf3 Nxe3 17.
Qxe3 f5 18. exf5 Bxf5 19. Be4 Nd4 20. Bxf5 Nxf5 21. Qd2 b5 22. g4 hxg4 23. h5 Bh6 24. hxg6+ Kg7 25. Kb1 Nd4 26. Nxd4 Bxf4 27. Rh7+ Kxg6 28.
Rxd7 Bxd2 29. Rxd2 exd4 30. Ne4 Rf1+ 31. Kc2 Rh8 32.
cxb5 axb5 33. Rxc7 Rhh1 34. Rd7 Rc1+ 35. Kb3 d5 36. Rxd5 Rce1 37. Rg5+ Kf7 38. Rxg4 Re3 39.
Nc5 Rhh3 40. Rxd4 Ke7 41. Kb4 Reg3 42. Kxb5 Rg5 43. a4 Rhh5 44. Rc4 Re5 45. a5 Rd5 46. a6 Rh8 47. a7 Ra8 48. Re2+ Kd6 49. Re6+ Kc7 50.
Rc6+ Kd8 51. Kb6 Rh5 52. Rd4+ 1-0

[Event "*** Titled Tuesday Blitz"]
[Site "Chess.com"]
[Date "2020.12.01"]
[Round "3"]
[White "reniite"]
[Black "anon569"]
[Result "1-0"]
[WhiteElo "1984"]
[BlackElo "2272"]
[TimeControl "180+1"]
[EndTime "10:28:43 PST"]
[Termination "reniite won on time"]

1. e4 c5 2. Nf3 d6 3. d4 cxd4 4.
Nxd4 Nf6 5. Nc3 a6 6. h3 e6 7. g4 Qc7 8. Bg2 Be7 9. O-O Nc6 10.
Be3 O-O 11. g5 Nd7 12. f4 Qd8 13. h4 Nxd4 14. Bxd4 e5 15. Be3 exf4 16. Bxf4 Ne5 17. Nd5 Be6 18. b3 Rc8 19. c4 b5 20. cxb5 axb5 21. Qe2 b4 22. Rad1 Ra8 23. Bxe5 dxe5 24. Nf6+ Bxf6 25. Rxd8 Bxd8 26. Qd2 Bb6+ 27. Kh1 Bc5 28.
Rc1 Rfd8 29. Qe2 Bd4 30. Qb5 Bc3 31. Qc6 Rxa2 32. Rxc3 bxc3 33. Qxc3 Ra3 34. Qc7 Rf8 35. b4 Rb3 36. Qd6 Rc8 37. h5 Rb2 38. g6 hxg6 39.
hxg6 Rb1+ 40. Kh2 Rb2 41. Kg1 Rc1+ 42. Kh2 Rc8 43. Kg1 1-0

[Event "*** Titled Tuesday Blitz"]
[Site "Chess.com"]
[Date "2020.12.01"]
[Round "3"]
[White "diamonds13"]
[Black "Agibileg"]
[Result "0-1"]
[WhiteElo "2328"]
[BlackElo "2536"]
[TimeControl "180+1"]
[EndTime "10:28:44 PST"]
[Termination "Agibileg won by resignation"]

1. d4 Nf6 2. c4 g6 3. Nc3 Bg7 4. e4 d6 5. Bd3 O-O 6. Nge2 e5 7. d5 a5 8. h3 Na6 9. Be3 c6 10. g4 Nc5 11. Bc2 Bd7 12. Qd2 cxd5 13. exd5 a4 14. Ng3 Qa5 15. g5 Ne8 16. h4 a3 17. b3 e4 18. Nge2 b5 19. Rd1 bxc4 20. bxc4 Bf5 21. h5 Nd3+ 22. Bxd3 exd3 23. Nd4 Nc7 24. Rc1 Rfe8 25. Kf1 Bg4 26. hxg6 hxg6 27. Qxd3 Na6 28. Nc6 Qc7 29. Nb5 Qd7 30. Kg2 Nc5 31. Bxc5 dxc5 32.
Rh4 Bf5 33. Qf3 Rac8 34. Rch1 Kf8 35. Rh8+ Bxh8 36. Rxh8+ Kg7 37. Rh6 Rxc6 38. Qc3+ f6 39. dxc6 Qxc6+ 40. f3 Re2+ 41. Kf1 Re5 42. Qd2 Qxf3+ 43.
Qf2 Bd3+ 44. Kg1 Rxg5+ 45. Kh2 Qxf2+ 46. Kh3 Kxh6 0-1

[Event "*** Titled Tuesday Blitz"]
[Site "Chess.com"]
[Date "2020.12.01"]
[Round "3"]
[White "GM4life"]
[Black "juancruzarias"]
[Result "1-0"]
[WhiteElo "2339"]
[BlackElo "2518"]
[TimeControl "180+1"]
[EndTime "10:28:44 PST"]
[Termination "GM4life won by resignation"]

1. e4 c5 2. Nf3 d6 3. d4 cxd4 4.
Nxd4 Nf6 5. Nc3 Nc6 6. Bg5 e6 7. Qd2 a6 8. O-O-O Be7 9. f4 Bd7 10.
Nf3 h6 11. Bxf6 gxf6 12. Kb1 b5 13. Bd3 Qb6 14. f5 b4 15. fxe6 fxe6 16. Ne2 O-O-O 17.
Nf4 Rdg8 18. Rhf1 Kb8 19. Bc4 Nd8 20. Nd4 d5 21. exd5 e5 22. d6 Bxd6 23. Bxg8 Rxg8 24. Nb3 Nb7 25. Nd5 Qc6 26. Nxf6 Rc8 27. Nxd7+ Qxd7 28. Qd5 Qg4 29. Na5 Nxa5 30. Qxa5 Bc7 31. Qxa6 Qxg2 32. Qb5+ Ka7 33. Qc5+ Kb8 34. Qxb4+ Ka7 35. Qa4+ Kb7 36. Rf6 Qe2 37. Qc6+ Kb8 38. Qd5 Rd8 39. Qb3+ Ka7 40. Qa4+ Kb7 41. Qb4+ Ka7 42. Rxd8 Bxd8 43. Rf7+ Ka6 44. Qb7+ Ka5 45. b4+ Ka4 46. Qa7+ Kxb4 47.
Rb7+ Kc3 48. Qa5+ Kd4 49. Qxd8+ Ke4 50. Qd3+ 1-0

[Event "*** Titled Tuesday Blitz"]
[Site "Chess.com"]
[Date "2020.12.01"]
[Round "3"]
[White "sbouchet"]
[Black "Berardino"]
[Result "0-1"]
[WhiteElo "2393"]
[BlackElo "2634"]
[TimeControl "180+1"]
[EndTime "10:28:46 PST"]
[Termination "Berardino won on time"]

1. e4 c5 2. c3 a6 3. d4 cxd4 4. cxd4 d5 5. e5 Nc6 6. Nc3 Bf5 7. Be3 e6 8. Nf3 Nge7 9. Be2 h6 10. Qb3 b5 11. a4 b4 12. Na2 Qb6 13. O-O Rb8 14.
Nc1 Na5 15. Qd1 Nec6 16. b3 Be7 17. Bd3 Bxd3 18. Nxd3 O-O 19. Rc1 Rfc8 20. Nc5 Bxc5 21. Rxc5 Ne7 22. Qd3 Rxc5 23. dxc5 Qb7 24. Rc1 Nec6 25.
h4 Rd8 26. Bd4 Qc7 27. Bb2 Qa7 28. h5 Rc8 29. g4 Ne7 30. Bd4 Nac6 31. Bb2 a5 32. Kg2 Nd8 33. Qb5 Nec6 34. Qd3 Nb7 35. Qe3 Qa6 36. g5 Ne7 37. gxh6 Nf5 38. Qg5 Nxh6 39. Bd4 Nd8 40. Rg1 Qd3 41. Kh2 Nf5 42. Nh4 Qxd4 43. Nxf5 Qxe5+ 44. Rg3 exf5 45. h6 g6 46. h7+ Kxh7 47. Kg2 Kg7 48. Rh3 Ne6 0-1

[Event "*** Titled Tuesday Blitz"]
[Site "Chess.com"]
[Date "2020.12.01"]
[Round "3"]
[White "Andro2"]
[Black "Thjop"]
[Result "0-1"]
[WhiteElo "2381"]
[BlackElo "2627"]
[TimeControl "180+1"]
[EndTime "10:28:48 PST"]
[Termination "Thjop won on time"]

1. e4 e6 2. d4 d5 3. Nd2 c5 4. Ngf3 a6 5. exd5 exd5 6. Bd3 c4 7. Be2 Nf6 8. O-O Bd6 9. Re1 O-O 10. c3 Nc6 11. b3 b5 12. a4 Bf5 13. Nh4 Be6 14.
Nhf3 h6 15. h3 Re8 16. Bf1 b4 17. Bb2 Qa5 18. cxb4 Bxb4 19. bxc4 dxc4 20. Nxc4 Qc7 21. Re3 Nd5 22. Re4 Rab8 23. Rc1 Qb7 24. Ba1 Red8 25. Bd3 Bf8 26. Rb1 Ncb4 27. Qe2 Qc7 28. Rxe6 fxe6 29. Qxe6+ Kh8 30. Qg6 Nxd3 31. Rxb8 Rxb8 32.
Qxd3 Nb4 33. Qe4 Qxc4 34. Ne5 Qc1+ 35. Kh2 Qc7 36. f4 Bd6 37. Ng6+ Kg8 38. Qe6+ Kh7 39. Qf5 Kg8 40. Qe6+ Qf7 41. Qxd6 Re8 42. Bc3 Nd5 43. Ne5 Qe6 44. g3 Qxd6 45. Bd2 Nf6 46. g4 Qd5 47. Be1 Ne4 48. Bg3 Rxe5 0-1

[Event "*** Titled Tuesday Blitz"]
[Site "Chess.com"]
[Date "2020.12.01"]
[Round "3"]
[White "Susal_De_Silva"]
[Black "hansen"]
[Result "1/2-1/2"]
[WhiteElo "2650"]
[BlackElo "2918"]
[TimeControl "180+1"]
[EndTime "10:28:51 PST"]
[Termination "Game drawn by repetition"]

1. e4 c5 2. Nf3 e6 3. d4 cxd4 4. Nxd4 a6 5. Be2 Qc7 6. O-O Nf6 7. Nc3 Bb4 8. Qd3 Nc6 9. Bg5 h6 10. Bh4 Ne5 11. Qe3 Bc5 12. Bg3 d6 13. Rad1 b5 14.
Bxe5 dxe5 15. Qg3 O-O 16. Nf3 b4 17. Na4 Bd6 18. Bd3 Bb7 19. Nd2 Rfd8 20. b3 Nh5 21. Qe3 Nf4 22. Nc4 Qe7 23. g3 Nh3+ 24. Kg2 Ng5 25.
f3 Rab8 26. Nxd6 Rxd6 27. Nb2 Rd4 28. h4 Nh7 29. Be2 Rbd8 30. Nc4 Qc7 31. Rxd4 exd4 32.
Qf4 Qxf4 33. gxf4 Nf6 34. Kh3 Nh5 35. Kg4 g6 36. f5 exf5+ 37. exf5 Bc8 38. Bd3 Rd5 39.
Re1 Kg7 40. Re7 gxf5+ 41. Kxh5 Kf6 42. Re1 Be6 43. f4 Rd8 44. Ne5 Bd5 45. Rg1 Re8 46. Nd7+ Ke7 47. Ne5 Kf6 48. Bc4 Be4 49. Bd3 Bd5 1/2-1/2

[Event "*** Titled Tuesday Blitz"]
[Site "Chess.com"]
[Date "2020.12.01"]
[Round "3"]
[White "The_Machine04"]
[Black "klimkoj"]
[Result "0-1"]
[WhiteElo "2400"]
[BlackElo "2640"]
[TimeControl "180+1"]
[EndTime "10:28:51 PST"]
[Termination "klimkoj won by resignation"]

1. d4 Nf6 2. Bg5 d5 3. e3 c5 4.
Bxf6 gxf6 5. dxc5 e6 6. c4 dxc4 7. Nd2 Bxc5 8. Bxc4 Nc6 9. Ngf3 a6 10. a3 b5 11. Be2 Bb7 12. Rc1 Bb6 13. O-O f5 14. b4 O-O 15. Qc2 Rc8 16. Qb1 Ne7 17.
Rfd1 Nd5 18. Qb3 Qf6 19. Nf1 Nc3 20. Qb2 Nxe2+ 21. Qxe2 Bd5 22. N1d2 Qb2 23. Ra1 Rc2 24. Rdb1 Qc3 25. Qe1 Rc8 26. h3 Bd8 27. Nd4 Qxd2 28. Nxc2 Rxc2 29. Qxd2 Rxd2 30. Rc1 Bf6 31. Rc8+ Kg7 32.
Rac1 Be5 33. f4 Rxg2+ 34. Kf1 Bb2 35. R1c7 Rg3 36. Kf2 Rf3+ 37. Ke2 Rxh3 38. Rd8 Rh2+ 39. Kf1 Bc1 40. Rdd7 Bb2 41. Rxf7+ Kg6 42. Kg1 Re2 43.
Rxh7 Rxe3 44. Kf2 Rf3+ 45. Ke2 Rxf4 46. Rh2 Bxa3 47. Rch7 Kf6 48. R2h6+ Ke5 49. Re7 Bxb4 50. Rc7 Bd6 51. Rc8 Bc4+ 52. Ke3 Re4+ 53. Kd2 Bd5 54. Kc3 Bb4+ 55. Kb2 Re2+ 56. Kc1 Bc4 57. Kd1 Rg2 58. Rh1 Ra2 59. Rh3 a5 60. Rc6 Ra3 61. Rxa3 Bxa3 62. Kc2 Bb4 63. Ra6 f4 64. Ra7 f3 65. Rf7 Ke4 66. Rf6 e5 67. Kd1 Ke3 68. Kc2 f2 0-1

[Event "*** Titled Tuesday Blitz"]
[Site "Chess.com"]
[Date "2020.12.01"]
[Round "3"]
[White "Gudmundur_Kjartansson"]
[Black "Trickov"]
[Result "1-0"]
[WhiteElo "2556"]
[BlackElo "2344"]
[TimeControl "180+1"]
[EndTime "10:28:51 PST"]
[Termination "Gudmundur_Kjartansson won by checkmate"]

1. d4 d5 2. c4 c6 3. Nc3 Nf6 4. e3 Bf5 5. cxd5 cxd5 6. Qb3 Bc8 7. Nf3 Nc6 8. Bd3 e6 9. O-O Be7 10. a3 O-O 11. Qc2 Bd7 12. b4 Rc8 13. Bb2 a5 14.
b5 Nb4 15. axb4 axb4 16. Qb3 bxc3 17. Bxc3 Ne4 18. Bxe4 dxe4 19. Ne5 Bf6 20. Ba5 Qe8 21. Bb4 Bxb5 22. Rfc1 Bxe5 23. dxe5 Bc6 24. Bxf8 Qxf8 25.
Qa3 Qxa3 26. Rxa3 Rd8 27. Rca1 b5 28. Ra6 Bd5 29. Rb6 f6 30. exf6 gxf6 31. g4 Kf7 32. Kg2 Bc4 33. Ra7+ Kg6 34. Rbb7 Rg8 35. Kg3 h5 36. h3 hxg4 37. hxg4 f5 38. Kf4 fxg4 39. Kxg4 Rf8 40. Kg3 Kf6 41. Rh7 Ke5 42. Rh5+ Kd6 43. Ra6+ Kd7 44. Rh7+ Kc8 45. Ra8# 1-0

[Event "*** Titled Tuesday Blitz"]
[Site "Chess.com"]
[Date "2020.12.01"]
[Round "3"]
[White "Savagelittlemole"]
[Black "BlixLT"]
[Result "1-0"]
[WhiteElo "2548"]
[BlackElo "2338"]
[TimeControl "180+1"]
[EndTime "10:28:51 PST"]
[Termination "Savagelittlemole won on time"]

1. e4 Nc6 2. Nf3 Nf6 3. e5 Ng4 4. d4 d6 5. exd6 Qxd6 6. c3 e5 7. h3 Nf6 8. Be3 Nd5 9. dxe5 Nxe3 10. Qxd6 Nxg2+ 11. Bxg2 cxd6 12. exd6 Bxd6 13. O-O O-O 14. Nbd2 Bf5 15. Nc4 Bc7 16. Rfe1 Rfe8 17. Rad1 Rad8 18.
Rxd8 Rxd8 19. Nh4 Be6 20. Bxc6 bxc6 21. Ne5 c5 22. Nc6 Rd2 23. b4 Rxa2 24. bxc5 h6 25. Nb4 Ra3 26. Re3 Kf8 27. Nf3 Ke8 28. Nd4 Kd7 29.
c6+ Ke7 30. Nd5+ Kd6 31. Nxc7 Ra1+ 32. Kh2 Kxc7 33. Nxe6+ fxe6 34. Rxe6 a5 35. Re7+ Kxc6 36. Rxg7 a4 37. Rg6+ Kb5 38. Rxh6 a3 39. Rh5+ Kb6 40. Rh4 Rc1 41. Ra4 Rxc3 42. h4 Kc6 43. h5 Rc5 44. h6 Rh5+ 45. Kg2 Rxh6 46. Ra6+ Kb5 47. Rxh6 1-0

[Event "*** Titled Tuesday Blitz"]
[Site "Chess.com"]
[Date "2020.12.01"]
[Round "3"]
[White "Tactictic"]
[Black "lelya96"]
[Result "1-0"]
[WhiteElo "2409"]
[BlackElo "2223"]
[TimeControl "180+1"]
[EndTime "10:28:52 PST"]
[Termination "Tactictic won by resignation"]

1. e4 e5 2. Nf3 Nc6 3. Bc4 Nf6 4. d3 Be7 5. O-O O-O 6. Re1 d6 7. a4 a6 8. c3 h6 9. a5 Nh7 10. Nbd2 Ng5 11. d4 Bg4 12. d5 Nb8 13. Be2 Nxf3+ 14. Bxf3 Bxf3 15. Qxf3 Nd7 16. b4 Nf6 17. c4 Nh7 18. Nf1 Qd7 19. Ng3 Bg5 20. Ba3 Bf4 21. Ne2 Ng5 22. Qd3 Qg4 23. h3 Qd7 24. h4 Nh7 25. g3 Qg4 26. f3 Qh3 27. gxf4 Qxh4 28. Qe3 g5 29. fxe5 dxe5 30. Qf2 Qh5 31. Bb2 Rae8 32.
Ng3 Qh3 33. Nf5 g4 34. fxg4 Ng5 35. Qg2 Nf3+ 36. Kf2 Qxg2+ 37. Kxg2 Nxe1+ 38. Rxe1 f6 39. Rh1 Rd8 40. Rxh6 Rd7 41. Rg6+ Kh7 42. Rh6+ Kg8 43. g5 Rh7 44. Rxh7 Kxh7 45. gxf6 Rxf6 46. Bxe5 Rg6+ 47. Kf3 Rg1 48. Bxc7 Rc1 49. c5 Rc3+ 50. Kf4 Rc4 51. d6 1-0

[Event "*** Titled Tuesday Blitz"]
[Site "Chess.com"]
[Date "2020.12.01"]
[Round "3"]
[White "theredking89"]
[Black "Sebastian"]
[Result "0-1"]
[WhiteElo "2649"]
[BlackElo "2946"]
[TimeControl "180+1"]
[EndTime "10:28:53 PST"]
[Termination "Sebastian won by resignation"]

1. d4 Nf6 2. c4 e6 3. Nc3 d5 4. Nf3 c5 5. e3 cxd4 6. exd4 Bb4 7. cxd5 Nxd5 8. Bd2 Nc6 9. Bd3 O-O 10. O-O Nf6 11.
a3 Be7 12. Bg5 h6 13. Bh4 Nh5 14. Bxe7 Nxe7 15. Ne4 Nf4 16. Bc2 b6 17. Qd2 Ned5 18.
Rfe1 Bb7 19. Ne5 Rc8 20. Rac1 f5 21. Ng3 Qg5 22. Nf3 Qf6 23. Bb3 Kh7 24. Ne2 Ng6 25. Rxc8 Rxc8 26. Ne5 Nxe5 27. dxe5 Qxe5 28. Bxd5 Qxd5 29.
Qxd5 Bxd5 30. Nf4 Rc2 31. f3 Rxb2 32. Nxe6 Bxe6 33. Rxe6 Rb3 34. a4 Ra3 35. Re5 Rxa4 36. Rxf5 a5 37. Rd5 Rb4 38. Rd7 a4 39. Ra7 b5 40. g4 Rb3 41. Kg2 a3 42. h4 b4 43. Kg3 Rb2 44. g5 hxg5 45. hxg5 a2 46.
Kg4 b3 47. Kf5 Rf2 48. g6+ Kh6 49. f4 Kh5 50. Ra8 Kh4 51. Rh8+ Kg3 52. Rh1 Rxf4+ 53.
Kg5 Rf2 54. Rg1+ Rg2 55. Rd1 b2 56. Rd3+ Kh2+ 57. Kf4 b1=Q 58. Re3 0-1

[Event "*** Titled Tuesday Blitz"]
[Site "Chess.com"]
[Date "2020.12.01"]
[Round "3"]
[White "MasterKroket"]
[Black "FMKonstantin_Twitch"]
[Result "1-0"]
[WhiteElo "2407"]
[BlackElo "2613"]
[TimeControl "180+1"]
[EndTime "10:28:53 PST"]
[Termination "MasterKroket won by resignation"]

1. d4 Nf6 2. c4 g6 3. Nc3 Bg7 4. e4 O-O 5. Nf3 d6 6. Be2 c5 7. d5 e6 8. O-O exd5 9. exd5 Re8 10.
h3 a6 11. a4 Nbd7 12. Bf4 Qb6 13. Qc2 Ne5 14. Nxe5 dxe5 15. a5 Qd6 16. Be3 Bf5 17.
Qb3 h5 18. Na4 Nd7 19. Qxb7 Rec8 20. Qb3 Rab8 21. Qd1 Rb4 22. Bd2 h4 23. Bxb4 cxb4 24. c5 Nxc5 25. Rc1 Bf8 26. Nxc5 Rxc5 27. Rxc5 Qxc5 28.
Bxa6 Qxa5 29. Bc4 Bd6 30. Qd2 Kg7 31. Qg5 Qc5 32. b3 Qd4 33. Qe3 Bc5 34. Qxd4 exd4 35. Ra1 d3 36. Rd1 Be4 37. Kf1 Kf6 38. f3 Bf5 39. Bxd3 Bd7 40. Bc4 Bd6 41. Ke2 Kf5 42. Ra1 Kf4 43. Ra7 Be8 44. Ra6 Be5 45. Ra8 Bd7 46.
Rf8 f6 47. Rf7 Bf5 48. Bd3 Bxd3+ 49. Kxd3 Kg3 50. Ke4 Kxg2 51. f4 Bd6 52. Rxf6 Bb8 53. Rxg6+ Kxh3 54. d6 Kh2 55. d7 Bc7 56. Rg8 h3 57. d8=Q Bxd8 58. Rxd8 Kh1 59. Rh8 h2 60. f5 Kg1 61. f6 h1=B+ 62. Rxh1+ Kxh1 63. f7 1-0